 Dungeon Crawl Stone Soup version 0.23-a0-109-g5e4b187 (webtiles) character file.

3443 emperorscorpion the Cleaver (level 10, -2/91 HPs)
             Began as a Naga Gladiator on Aug 22, 2018.
             Was an Elder of Cheibriados.
             Slain by a red devil
             ... wielding a +0 trident
             ... summoned by a kobold demonologist
              (15 damage)
             ... on level 8 of the Dungeon.
             The game lasted 00:18:49 (9841 turns).

emperorscorpion the Cleaver (Naga Gladiator)        Turns: 9841, Time: 00:18:50

Health: -2/91      AC:  9    Str: 28    XL:     10   Next: 5%
Magic:  11/11      EV: 11    Int: 19    God:    Cheibriados [****..]
Gold:   122        SH:  0    Dex: 26    Spells: 7/11 levels left

rFire    . . .     SeeInvis +   a - +1 war axe
rCold    . . .     Gourm    .   (no shield)
rNeg     . . .     Faith    .   j - +0 scale mail
rPois    +         Spirit   .   P - +0 helmet
rElec    .         Reflect  .   (no cloak)
rCorr    .         Harm     .   (no gloves)
MR       +....                  (no barding)
Stlth    +.........             G - amulet of regeneration
HPRegen  0.65/turn              F - +2 ring of dexterity
MPRegen  0.12/turn              (no ring)

@: very slightly contaminated, very slow
A: large, see invisible, deformed body, poison resistance, slowness 2, slow
metabolism 1, spit poison 1, AC +3
a: Spit Poison, Bend Time, Temporal Distortion, Slouch, Renounce Religion


You were on level 8 of the Dungeon.
You worshipped Cheibriados.
Cheibriados was greatly pleased with you.
You were hungry.

You visited 2 branches of the dungeon, and saw 9 of its levels.
You also visited: Ossuary.

You collected 484 gold pieces.
You spent 362 gold pieces at shops.

Inventory:

Hand Weapons
 a - a +1 war axe (weapon)
 b - a +1 shortbow of velocity
 z - the +5 quarterstaff of Cheese {vamp, +Fly rC+++ MR- Stlth-}
   (You bought it in a shop on level 5 of the Dungeon)

   It inflicts no extra harm, but heals its wielder when it wounds a living foe.
   It renders you almost immune to cold.
   It affects your resistance to hostile enchantments.
   It lets you fly.
   It makes you less stealthy.
 J - a cursed +0 trident
 R - a +0 shortbow
Missiles
 d - 3 throwing nets (quivered)
 K - 110 arrows
Armour
 c - a +0 helmet
 j - a +0 scale mail (worn)
 k - a +0 plate armour
 u - a +0 leather armour
 P - a +0 helmet (worn)
Jewellery
 F - a +2 ring of dexterity (left hand)
 G - an amulet of regeneration (around neck)
Wands
 L - a wand of flame (31)
 M - a wand of disintegration (21)
 N - a wand of enslavement (14)
Scrolls
 h - 7 scrolls of identify
 l - 7 scrolls of remove curse
 o - a scroll of magic mapping
 p - 2 scrolls of enchant armour
 t - 2 scrolls of amnesia
 v - a scroll of enchant weapon
 A - 2 scrolls of vulnerability {unknown}
 I - a scroll of fog {unknown}
Potions
 g - a potion of lignification {unknown}
 i - a potion of magic {unknown}
 m - 7 potions of curing {unknown}
 n - 3 potions of heal wounds {unknown}
 q - 4 potions of cancellation {unknown}
 r - 4 potions of degeneration {unknown}
 s - a potion of resistance {unknown}
 w - 2 potions of brilliance {unknown}
 B - a potion of haste {unknown}
 C - 3 potions of might {unknown}
 E - a potion of agility {unknown}
 H - a potion of experience {unknown}
 O - a potion of invisibility
Comestibles
 f - 18 rations


   Skills:
 + Level 5.9 Fighting
 + Level 8.6 Axes
 + Level 4.0 Bows
 + Level 2.0 Throwing
 + Level 5.7 Armour
 + Level 4.0 Dodging
 + Level 2.2 Stealth
 * Level 1.1 Spellcasting
 * Level 1.4 Charms
 * Level 1.6 Necromancy


You had 7 spell levels left.
You knew the following spells:

 Your Spells              Type           Power        Failure   Level  Hunger
a - Animate Skeleton      Necr           N/A          19%         1    ##.....
r - Regeneration          Chrm/Necr      #.........   52%         3    ####...

Your spell library contained the following spells:

 Spells                   Type           Power        Failure   Level  Hunger
 Pain                     Necr           #...         19%         1    ##.....
 Beastly Appendage        Tmut           #.....       36%         1    ##.....
 Sticks to Snakes         Tmut           #.......     50%         2    ###....
 Vampiric Draining        Necr           #.........   50%         3    ####...
 Spider Form              Tmut/Pois      #.........   75%         3    ####...
 Animate Dead             Necr           N/A          88%         4    #####..
 Ice Form                 Ice/Tmut       #.......     98%         4    #####..
 Blade Hands              Tmut           #.........   100%        5    ######.


Dungeon Overview and Level Annotations

Branches:
Dungeon (8/15)             Temple (1/1) D:6
   Lair: D:8-11

Altars:
Ashenzari
Cheibriados
Dithmenos
Elyvilon
Fedhas
Gozag
Hepliaklqana
Kikubaaqudgha
Makhleb
Nemelex Xobeh
Okawaru
Qazlal
Ru
Sif Muna
Trog
Uskayaw
Vehumet
Wu Jian
Xom
Yredelemnul
Zin
The Shining One

Shops:
D:5 (   D:6 }(=   D:7 *

Annotations:
D:8 Namnaref's ghost, novice OpBe


Innate Abilities, Weirdness & Mutations

You cannot wear boots.
Your serpentine skin is tough. (AC +3)
You have supernaturally acute eyesight. (SInv)
Armour fits poorly on your strangely shaped body.
Your system is resistant to poisons. (rPois)
You cover ground very slowly.
You have a slow metabolism.
You can spit poison.


Message History

Aiming: Enslavement
Press: ? - help, Shift-Dir - straight line, f - kobold demonologist
Aim: a kobold demonologist, wielding a dagger and wearing a robe (lightly wounded, chance to defeat MR: 28%)
Okay, then.
The kobold demonologist gestures wildly while chanting.
The crimson imp blinks!
The kobold demonologist gestures wildly while chanting.
The ice devil hits you but does no damage.
You are feeling hungry.
The ice devil hits you. The ice devil freezes you!!
* * * LOW HITPOINT WARNING * * *
The kobold demonologist miscasts a cantrip. x2
The red devil hits you but does no damage.
The sun demon barely misses you. The ice devil barely misses you.
The red devil hits you from afar with a trident!
* * * LOW HITPOINT WARNING * * *
The iron imp shouts, "Remove thy stench, thou wayward base-court apple-john!"
The crimson imp shouts, "Fly, thou ducking earth-vexing tiddler!"
The red devil hits you from afar with a trident!
You die...

#'##
#.....#..#.................
...#
#.....#..#.....########....
...# #.....#..#.....# #....
...# #.....#..#.....# #....
'### #(....#..'.....# #....
...# #.....#.>#.....###
#.... ...#
#..[..#..#.......#######'#.
...#
#.....#..#.......#.......'.
...#
#.....#..'@3.....#<......#.
...#
#....##..#.44K...#.....###.
...#
#....##..#..5....##########
...#
#........#.5.....#.........
...#
#........'.).....'.........
...#
#.......[#.......#####3####
...#
#........#.................
...#
#........#........(........
...#
#........#.................


You could see a sun demon, an ice devil, a kobold demonologist, a red devil, an
iron imp and a crimson imp.

Vanquished Creatures
  The ghost of tsouns the Conjurer, an amateur DECj of Hepliaklqana (D:4)
  An orc warrior (D:8)
  2 ogres
  A phantom (D:8)
  A necrophage (D:2)
  4 centaurs
  A bullfrog (D:8)
  8 jellies
  13 scorpions
  2 water moccasin skeletons
  5 crimson imps
  4 howler monkeys
  7 centaur zombies
  A human zombie (Ossuary)
  6 orc wizards
  3 hounds
  A bullfrog skeleton (D:8)
  An iguana (D:7)
  6 worker ants
  4 big kobold zombies (Ossuary)
  2 hound skeletons
  3 mummies (Ossuary)
  2 worker ant zombies
  2 gnolls (D:4)
  4 scorpion zombies (Ossuary)
  11 adders
  A shadow imp (D:4)
  8 oozes
  4 worms
  3 dart slugs
  5 leopard geckos
  22 orcs
  3 giant cockroaches (D:1)
  A gnoll zombie (Ossuary)
  9 hobgoblins
  20 jackals
  8 kobolds
  10 quokkas
  A ball python (D:4)
  6 bats
  4 frilled lizards
  7 goblins
  A goblin zombie (Ossuary)
  A kobold zombie (Ossuary)
  A leopard gecko skeleton (D:5)
  A leopard gecko zombie (D:8)
  An orc zombie (Ossuary)
  A quokka zombie (D:5)
  4 rats
218 creatures vanquished.

Vanquished Creatures (others)
  A big kobold (D:8)
  A jelly (D:6)
  A human zombie (Ossuary)
3 creatures vanquished.

Grand Total: 221 creatures vanquished

Notes
Turn   | Place    | Note
-------+----------+-------------------------------------------
     0 | D:1      | emperorscorpion the Naga Gladiator began the quest for the Orb.
     0 | D:1      | Reached XP level 1. HP: 19/19 MP: 1/1
    25 | D:1      | Reached XP level 2. HP: 26/26 MP: 2/2
   486 | D:1      | Reached XP level 3. HP: 23/32 MP: 3/3
  1208 | D:2      | Noticed a necrophage
  1220 | D:2      | Killed a necrophage
  1220 | D:2      | Reached skill level 4 in Axes
  1220 | D:2      | Reached skill level 1 in Armour
  1220 | D:2      | Reached XP level 4. HP: 28/42 MP: 4/4
  1220 | D:2      | Reached XP level 5. HP: 32/49 MP: 5/5
  2870 | D:3      | Found a faded altar of an unknown god.
  2967 | D:3      | Found a deep blue altar of Sif Muna.
  3030 | D:4      | Reached XP level 6. HP: 50/56 MP: 6/6
  3588 | D:4      | Reached skill level 5 in Axes
  3694 | D:4      | Found a sacrificial altar of Ru.
  3738 | D:4      | Found a transporter.
  3738 | D:4      | Found a transporter.
  3738 | D:4      | Noticed tsouns's ghost (amateur DECj)
  4194 | D:4      | Killed tsouns's ghost
  4194 | D:4      | Reached XP level 7. HP: 57/62 MP: 7/7
  4457 | D:5      | Entered Level 5 of the Dungeon
  4766 | D:5      | Found Gaestaod's Antique Weapon Boutique.
  4806 | D:5      | Reached skill level 6 in Axes
  5227 | D:5      | Found an opulent altar of Gozag.
  5394 | D:5      | Bought an ichor-stained quarterstaff for 234 gold pieces
  5483 | D:5      | Reached XP level 8. HP: 68/72 MP: 8/8
  5672 | D:5      | Identified the +5 quarterstaff of Cheese {vamp, +Fly rC+++ MR- Stlth-} (You bought it in a shop on level 5 of the Dungeon)
  5879 | D:6      | Found a staircase to the Ecumenical Temple.
  5884 | Temple   | Entered the Ecumenical Temple
  6061 | Temple   | Became a worshipper of Cheibriados the Contemplative
  6107 | D:6      | Found Hienuot's Weapon Shoppe.
  6114 | D:6      | Learned a level 3 spell: Regeneration
  6114 | D:6      | Found Duamoh's Jewellery Emporium.
  6213 | D:6      | Found a sand-covered staircase.
  6218 | Ossuary  | Entered an ossuary
  6232 | Ossuary  | Reached skill level 1 in Stealth
  6763 | Ossuary  | Reached skill level 7 in Axes
  6980 | Ossuary  | Reached * piety under Cheibriados
  7187 | Ossuary  | Reached skill level 5 in Armour
  7199 | Ossuary  | Reached XP level 9. HP: 80/80 MP: 9/9
  7377 | D:6      | Found Ciasoufoj's Gadget Shoppe.
  7450 | D:6      | Found a stormy altar of Qazlal.
  7477 | D:6      | Reached skill level 5 in Fighting
  7800 | D:6      | Reached ** piety under Cheibriados
  7800 | D:6      | Reached skill level 8 in Axes
  7843 | D:7      | Found a shattered altar of Ashenzari.
  8091 | D:7      | Reached skill level 1 in Bows
  8313 | D:7      | Reached *** piety under Cheibriados
  8422 | D:7      | Found Mixkydip's General Store.
  8425 | D:7      | Bought a potion of invisibility for 128 gold pieces
  8566 | D:8      | Learned a level 1 spell: Animate Skeleton
  8853 | D:8      | Found a basalt altar of Yredelemnul.
  8856 | D:8      | Found a hide-covered altar of Uskayaw.
  8883 | D:8      | Found a shadowy altar of Dithmenos.
  8896 | D:8      | Found a shattered altar of Ashenzari.
  8944 | D:8      | Found a glowing silver altar of Zin.
  9082 | D:8      | Reached **** piety under Cheibriados
  9191 | D:8      | Reached skill level 1 in Necromancy
  9269 | D:8      | Reached skill level 1 in Charms
  9314 | D:8      | Reached skill level 1 in Spellcasting
  9314 | D:8      | Reached XP level 10. HP: 91/91 MP: 9/11
  9511 | D:8      | Found a runed gate.
  9512 | D:8      | Noticed Namnaref's ghost (novice OpBe)
  9512 | D:8      | Noticed a kobold demonologist
  9513 | D:8      | Found a runed gate.
  9513 | D:8      | Found a runed gate.
  9814 | D:8      | Noticed a sun demon
  9831 | D:8      | Noticed a sun demon
  9841 | D:8      | Slain by a red devil

Vault maps used:
D:1:      mrwooster_arrival_statue_3
D:3:      marbit_many_paths, first_ration, chequers_ecumenical_altar_lobes
D:4:      wad_woods_tower, nicolae_ru_path_of_blood, gammafunk_ghost_arena
D:5:      grunt_gozag_breadcrumbs, serial_shops, shop_statue,
          hangedman_decor_push
D:6:      grunt_qazlal_clouds, minmay_temple_entry_trees, enter_ossuary_2,
          serial_shops, nicolae_shop_crystal, nicolae_shop_waterfront,
          nicolae_shop_competitors_out_of_business, serial_park_tiny_2
D:7:      basic_altar, serial_shops, nicolae_shop_behind_doors
D:8:      lemuel_crystal_altar, grunt_temple_overflow_cloverleaf,
          gammafunk_ghost_nasty_kobolds, hangedman_little_slice_of_home
Temple:   nicolae_temple_figure_eight
Ossuary:  ossuary_minmay_scorpions

Skill      XL: |  1  2  3  4  5  6  7  8  9 10 |
---------------+-------------------------------+-----
Throwing       | 2 |  2.0
Fighting       | 3 4 5 |  5.9
Axes           | 4 5 6 7 8 |  8.6
Armour         | 1 2 3 5 |  5.7
Dodging        | 3 4 |  4.0
Stealth        | 1 2 |  2.2
Bows           | 3 4 |  4.0
Necromancy     | 1 |  1.6
Charms         | 1 |  1.4
Spellcasting   | 1 |  1.1

Action                   |  1- 3 |  4- 6 |  7- 9 | 10-12 || total
-------------------------+-------+-------+-------+-------++-------
Melee: War axe           |    98 |   173 |   329 |     1 ||   601
       Quarterstaff      |       |       |    37 |       ||    37
 Fire: Shortbow          |       |       |   179 |    41 ||   220
 Abil: Spit Poison       |       |     8 |    19 |       ||    27
Evoke: Wand              |       |       |       |     2 ||     2
  Use: Scroll            |     2 |     1 |     1 |     9 ||    13
  Eat: Chunk             |       |     7 |     5 |     1 ||    13
       Ration            |       |     1 |     3 |       ||     4
Armor: Leather armour    |    25 |       |       |       ||    25
       Scale mail        |    15 |   109 |   192 |    15 ||   331
Dodge: Dodged            |    83 |    89 |   241 |     7 ||   420

Table legend:
 A = Non-vault XP
 B = Vault XP
 C = Vault XP percentage of total XP
 D = Non-vault monster count
 E = Vault monster count
 F = Vault count percentage of total count
                 A         B        C        D         E       F
            +---------+---------+-------+---------+---------+-------
      Total |    3315 |    1604 |  32.6 |     167 |      51 |  23.4
            +---------+---------+-------+---------+---------+-------
        D:1 |      48 |       0 |   0.0 |      24 |       0 |   0.0
        D:2 |     162 |       0 |   0.0 |      19 |       0 |   0.0
        D:3 |      95 |       2 |   2.1 |      21 |       1 |   4.5
        D:4 |     172 |     217 |  55.8 |      10 |      10 |  50.0
        D:5 |     583 |       0 |   0.0 |      23 |       0 |   0.0
        D:6 |     394 |       0 |   0.0 |      15 |       0 |   0.0
        D:7 |     644 |       0 |   0.0 |      25 |       0 |   0.0
        D:8 |    1217 |     165 |  11.9 |      30 |       8 |  21.1
    Ossuary |       0 |    1220 | 100.0 |       0 |      32 | 100.0
            +---------+---------+-------+---------+---------+-------
